 Dungeon Crawl Stone Soup version 0.24-b1-44-g37ad8b309f (webtiles) character file.

Game seed: 11101263667043570726, levelgen mode: deterministic

95 Curus the Poker (level 4, -5/37 HPs)
             Began as a Minotaur Gladiator on Oct 23, 2019.
             Killed by divine providence
             ... invoked by an orc priest
              (16 damage)
             ... on level 3 of the Dungeon on Oct 24, 2019.
             The game lasted 00:06:32 (1437 turns).

Curus the Poker (Minotaur Gladiator)                Turns: 1437, Time: 00:06:32

Health: -5/37      AC:  7    Str: 18    XL:     4   Next: 39%
Magic:  3/3        EV: 13    Int:  6    God:
Gold:   92         SH:  5    Dex: 12    Spells: 3/3 levels left

rFire    . . .     SeeInvis .   a - +1 trident
rCold    . . .     Gourm    .   i - +2 buckler
rNeg     . . .     Faith    .   g - +2 leather armour {rPois}
rPois    +         Spirit   .   c - +1 hat
rElec    .         Reflect  .   p - +0 cloak
rCorr    .         Harm     .   (no gloves)
MR       .....                  (no boots)
Stlth    +.........             (no amulet)
HPRegen  0.12/turn              m - +1 ring of evasion
MPRegen  0.08/turn              (no ring)

@: no status effects
A: retaliatory headbutt, horns 2
a: no special abilities


You were on level 3 of the Dungeon.
You were not hungry.

You visited 1 branch of the dungeon, and saw 3 of its levels.

You collected 92 gold pieces.

Inventory:

Hand Weapons
 a - a +1 trident (weapon)
Missiles
 d - 3 throwing nets (quivered)
Armour
 b - a +0 leather armour
 c - a +1 hat (worn)
 g - a +2 leather armour of poison resistance (worn)
 i - a +2 buckler (worn)
 p - a +0 cloak (worn)
Jewellery
 m - a +1 ring of evasion (left hand)
 o - an uncursed ring of ice
Scrolls
 h - a scroll of remove curse
 j - 3 scrolls of magic mapping
 l - a scroll of enchant weapon
Potions
 e - a potion of curing
 k - a potion of haste
Comestibles
 f - 3 rations
 n - a chunk of flesh


   Skills:
 - Level 2.4 Fighting
 + Level 6.3 Polearms
 - Level 2.0 Throwing
 - Level 3.2 Dodging


You had 3 spell levels left.
You didn't know any spells.
Your spell library contained the following spells:

 Spells                   Type           Power        Failure   Level  Hunger
 Beastly Appendage        Tmut           #.....       69%         1    ##.....
 Sticks to Snakes         Tmut           #.......     83%         2    ###....
 Spider Form              Tmut/Pois      #.........   96%         3    ####...
 Ice Form                 Ice/Tmut       #.......     100%        4    #####..
 Blade Hands              Tmut           #.........   100%        5    ######.


Dungeon Overview and Level Annotations

Branches:
Dungeon (3/15)

Altars:


Innate Abilities, Weirdness & Mutations

You reflexively headbutt those who attack you in melee.
You have a pair of horns on your head.


Message History

Your headbutt misses the orc priest.
You hear a shout!
An orc comes into view. It is wielding a -1 long sword.
The orc priest hits you but does no damage.
The orc priest looks braver for a moment.
The orc priest begins to cast a cantrip, but forgets the words!
You hit the orc priest but do no damage.
You headbutt the orc priest, but do no damage.
The orc priest barely misses you.
The orc priest looks braver for a moment.
You hit the orc priest.
The orc priest is moderately wounded.
The orc priest invokes the aid of Beogh against you.
Beogh smites you!
The orc priest calls down the wrath of Beogh upon you.
Beogh smites you!
* * * LOW HITPOINT WARNING * * *
The orc priest invokes the aid of Beogh against you.
Beogh smites you!
You die...

.# ########## .#
.........# .#
.#######.# .# #.##
#.# .###
##.#####.########...#
#...............#
##...###.#######@#
#.#..###.# #.#
.##.#.##.# #o#
##.###.#.#######o#
#.## ##...........
.<.###...######>o.
###.#.#### #..#.
.....## #o.#. ######
#..#.#


You could see 3 orc priests and an orc.

Vanquished Creatures
  2 adders (D:2)
  An ooze (D:1)
  A worm (D:2)
  2 dart slugs (D:1)
  2 leopard geckos
  2 ball pythons (D:1)
  10 bats
  8 giant cockroaches
  8 goblins
  3 hobgoblins
  8 kobolds
  5 frilled lizards
  8 rats
60 creatures vanquished.

Notes
Turn   | Place    | Note
-------+----------+-------------------------------------------
     0 | D:1      | Curus the Minotaur Gladiator began the quest for the Orb.
     0 | D:1      | Reached XP level 1. HP: 18/18 MP: 0/0
    58 | D:1      | Reached skill level 4 in Polearms
    69 | D:1      | Reached XP level 2. HP: 19/25 MP: 1/1
   229 | D:1      | Reached skill level 5 in Polearms
   305 | D:1      | Reached XP level 3. HP: 30/30 MP: 2/2
   700 | D:2      | Reached skill level 6 in Polearms
   700 | D:2      | Reached XP level 4. HP: 31/37 MP: 3/3
  1437 | D:3      | Killed from afar by an orc priest

Skill      XL: |  1  2  3 |
---------------+----------+-----
Polearms       | 4 5 6 |  6.3
Fighting       | |  2.4
Throwing       | |  2.0
Dodging        | |  3.2

Action                   |  1- 3 |  4- 6 || total
-------------------------+-------+-------++-------
Melee: Trident           |   103 |    45 ||   148
       Headbutt          |    15 |     5 ||    20
  Use: Scroll            |     6 |     3 ||     9
       Potion            |     3 |     1 ||     4
 Stab: Sleeping          |       |     1 ||     1
  Eat: Chunk             |       |     2 ||     2
Armor: Leather armour    |    27 |     4 ||    31
Dodge: Dodged            |    45 |    19 ||    64
Block: Buckler           |       |     6 ||     6
